MLB
LAS VEGAS HUSTLE @ LOS ANGELES DODGERS
08/20/2099
 
TOP OF THE 1ST
Las Vegas Hustle batting - Pitching for Los Angeles Dodgers : RHP J.P. Vines
Pitching: RHP J.P. Vines
Batting: LHB Steve Lawler 0-0: Foul Ball, location: 25FF
0-1: Called Strike
0-2: Strikes out swinging, 2-3 out at first.
Batting: LHB Victor Valdez 0-0: TRIPLE (Line Drive, 9LD, EV 101.3 MPH)
Batting: RHB John Lopez 0-0: Called Strike
0-1: Ball
1-1: Ball
2-1: Foul Ball, location: 2F
2-2: DOUBLE (Flyball, 89XD, EV 99.4 MPH)
Victor Valdez scores
Batting: LHB Jon Guzman 0-0: Ball
1-0: Swinging Strike
1-1: Swinging Strike
1-2: Ball
2-2: Ball
3-2: Foul Ball, location: 7LSF
3-2: Foul Ball, location: 5F
3-2: Base on Balls
Batting: RHB Clint Hurley 0-0: Foul Ball, location: 2F
0-1: Swinging Strike
0-2: Ball
1-2: Ball
2-2: Strikes out swinging
Batting: SHB Jose Espinoza 0-0: Ball
1-0: Ball
2-0: Called Strike
2-1: Foul Ball, location: 7LMF
2-2: Ground out U3 (Groundball, 3L, EV 101.3 MPH)
Top of the 1st over - 1 run, 2 hits, 0 errors, 2 left on base; Las Vegas 1 - Los Angeles 0
BOTTOM OF THE 1ST
Los Angeles Dodgers batting - Pitching for Las Vegas Hustle : RHP Justin Price
Pitching: RHP Justin Price
Batting: RHB Dan Boyd 0-0: Called Strike
0-1: Foul Ball, location: 5F
0-2: Ball
1-2: Ball
2-2: Foul Ball, location: 2F
2-2: SINGLE (Line Drive, 56D, EV 103.1 MPH)
Batting: LHB Roy Lazzaro 0-0: Ground out 6-3 (Groundball, 4M, EV 108.8 MPH)
Dan Boyd to second
Batting: LHB Greg Thompson 0-0: Called Strike
0-1: Ball
1-1: Ball
2-1: Foul Ball, location: 2F
2-2: Ball
3-2: Fly out, F3 (Flyball, 34D, EV 94.4 MPH)
Batting: LHB Ramon Anguiano 0-0: Called Strike
0-1: Ball
1-1: Foul Ball, location: 7LMF
1-2: Strikes out swinging
Bottom of the 1st over - 0 runs, 1 hit, 0 errors, 1 left on base; Las Vegas 1 - Los Angeles 0
TOP OF THE 2ND
Las Vegas Hustle batting - Pitching for Los Angeles Dodgers : RHP J.P. Vines
Batting: RHB Leonardo Sosa 0-0: Ball
1-0: Foul Ball, location: 5FF
1-1: Ball
2-1: Swinging Strike
2-2: Foul Ball, location: 9LMF
2-2: Strikes out swinging
Batting: RHB Karl Robbins 0-0: Foul Ball, location: 25FF
0-1: Swinging Strike
0-2: Foul Ball, location: 23FF
0-2: Strikes out swinging
Batting: RHB Tyler Ebert 0-0: Ball
1-0: Foul Ball, location: 9LMF
1-1: Ball
2-1: Ground out 6-3 (Groundball, 56, EV 88.8 MPH)
Top of the 2nd over - 0 runs, 0 hits, 0 errors, 0 left on base; Las Vegas 1 - Los Angeles 0
BOTTOM OF THE 2ND
Los Angeles Dodgers batting - Pitching for Las Vegas Hustle : RHP Justin Price
Batting: SHB Mang He 0-0: Ball
1-0: Fly out, F8 (Line Drive, 8LS, EV 92.5 MPH)
Batting: RHB Victor Salinas 0-0: SINGLE (Line Drive, 89S, EV 90.0 MPH)
Batting: RHB Joe Boyer 0-0: Ball
1-0: Swinging Strike
1-1: Called Strike
1-2: Ball
2-2: Grounds into double play, 2-4-3 (Groundball, 15S, EV 71.9 MPH)
Bottom of the 2nd over - 0 runs, 1 hit, 0 errors, 0 left on base; Las Vegas 1 - Los Angeles 0
TOP OF THE 3RD
Las Vegas Hustle batting - Pitching for Los Angeles Dodgers : RHP J.P. Vines
Batting: LHB Steve Lawler 0-0: Ball
1-0: Foul Ball, location: 2F
1-1: DOUBLE (Line Drive, 89D, EV 98.8 MPH)
Batting: LHB Victor Valdez 0-0: Called Strike
0-1: Called Strike
0-2: Foul Ball, location: 7LDF
0-2: Ball
1-2: Foul Ball, location: 2F
1-2: Fly out, F5 (Popup, 25F, EV 88.8 MPH)
Batting: RHB John Lopez 0-0: Ball
1-0: Ball
2-0: Ball
3-0: Base on Balls
Batting: LHB Jon Guzman 0-0: Called Strike
0-1: Called Strike
0-2: Foul Ball, location: 2F
0-2: Foul Ball, location: 3DF
0-2: Ball
1-2: Strikes out swinging
Batting: RHB Clint Hurley 0-0: Ground out 4-3 (Groundball, 4M, EV 95.6 MPH)
Top of the 3rd over - 0 runs, 1 hit, 0 errors, 2 left on base; Las Vegas 1 - Los Angeles 0
BOTTOM OF THE 3RD
Los Angeles Dodgers batting - Pitching for Las Vegas Hustle : RHP Justin Price
Batting: LHB Jamie Wortman 0-0: Called Strike
0-1: Swinging Strike
0-2: Ball
1-2: Ball
2-2: Ball
3-2: Base on Balls
Batting: RHB Bryan Uplinger 0-0: Ball
1-0: Ball
2-0: Bunted foul
2-1: Bunted foul
2-2: Fly out, F7 (Line Drive, 78S, EV 86.9 MPH)
Batting: RHB Dan Boyd 0-0: Called Strike
0-1: Ball
1-1: DOUBLE (Line Drive, 89D, EV 108.1 MPH)
Jamie Wortman to third
Runner from 3rd tries for Home, SAFE, throw by CF to trailing runner, SAFE at third!
Batting: LHB Roy Lazzaro 0-0: Ball
1-0: Ball
2-0: Called Strike
2-1: Fly out, F8 (Flyball, 78M, EV 85.0 MPH)
Runner from 3rd tags up, OUT at HOME! 8-2
Bottom of the 3rd over - 1 run, 1 hit, 0 errors, 0 left on base; Las Vegas 1 - Los Angeles 1
TOP OF THE 4TH
Las Vegas Hustle batting - Pitching for Los Angeles Dodgers : RHP J.P. Vines
Batting: SHB Jose Espinoza 0-0: Ball
1-0: Ball
2-0: Foul Ball, location: 2F
2-1: Ball
3-1: Base on Balls
Batting: RHB Leonardo Sosa 0-0: Called Strike
0-1: Ball
1-1: Ball
2-1: Foul Ball, location: 2F
2-2: Foul Ball, location: 2F
2-2: Strikes out swinging
Batting: RHB Karl Robbins 0-0: Ball
1-0: Called Strike
1-1: Fielders Choice at 2nd, 5-4 (Groundball, 56, EV 104.4 MPH)
Batting: RHB Tyler Ebert 0-0: Ball
1-0: Foul Ball, location: 3SF
1-1: Fly out, F8 (Line Drive, 8LM, EV 105.6 MPH)
Top of the 4th over - 0 runs, 0 hits, 0 errors, 1 left on base; Las Vegas 1 - Los Angeles 1
BOTTOM OF THE 4TH
Los Angeles Dodgers batting - Pitching for Las Vegas Hustle : RHP Justin Price
Batting: LHB Greg Thompson 0-0: Called Strike
0-1: Foul Ball, location: 2F
0-2: Strikes out swinging
Batting: LHB Ramon Anguiano 0-0: Foul Ball, location: 2F
0-1: Ball
1-1: Fly out, F7 (Flyball, 78S, EV 90.6 MPH)
Batting: SHB Mang He 0-0: Ball
1-0: Ball
2-0: Called Strike
2-1: Foul Ball, location: 5FF
2-2: Strikes out swinging
Bottom of the 4th over - 0 runs, 0 hits, 0 errors, 0 left on base; Las Vegas 1 - Los Angeles 1
TOP OF THE 5TH
Las Vegas Hustle batting - Pitching for Los Angeles Dodgers : RHP J.P. Vines
Batting: LHB Steve Lawler 0-0: Ground out 4-3 (Groundball, 4, EV 98.1 MPH)
Batting: LHB Victor Valdez 0-0: Foul Ball, location: 7LMF
0-1: Ball
1-1: DOUBLE (Line Drive, 7LM, EV 105.0 MPH)
Batting: RHB John Lopez 0-0: Swinging Strike
0-1: Ball
1-1: 2-RUN HOME RUN (Flyball, 8RXD, EV 105.0 MPH), Distance : 437 ft
Batting: LHB Jon Guzman 0-0: Called Strike
0-1: Foul Ball, location: 5FF
0-2: Foul Ball, location: 9LDF
0-2: Fly out, F8 (Flyball, 8RS, EV 89.4 MPH)
Batting: RHB Clint Hurley 0-0: Called Strike
0-1: Called Strike
0-2: Ball
1-2: Foul Ball, location: 7LSF
1-2: Ball
2-2: Foul Ball, location: 3FF
2-2: Foul Ball, location: 2F
2-2: Foul Ball, location: 9LMF
2-2: Strikes out swinging
Top of the 5th over - 2 runs, 2 hits, 0 errors, 0 left on base; Las Vegas 3 - Los Angeles 1
BOTTOM OF THE 5TH
Los Angeles Dodgers batting - Pitching for Las Vegas Hustle : RHP Justin Price
Batting: RHB Victor Salinas 0-0: Ball
1-0: SOLO HOME RUN (Flyball, 9LD, EV 93.1 MPH), Distance : 333 ft
Batting: RHB Joe Boyer 0-0: Called Strike
0-1: SINGLE (Line Drive, 78S, EV 105.6 MPH)
Batting: LHB Jamie Wortman 0-0: Called Strike
0-1: DOUBLE (Line Drive, 7LM, EV 105.6 MPH)
Joe Boyer to third
Runner from 3rd tries for Home, SAFE, no throw by LF
Batting: RHB Bryan Uplinger 0-0: Swinging Strike
0-1: Ball
1-1: Foul Ball, location: 25F
1-2: SINGLE (Line Drive, 3D, EV 94.4 MPH)
Jamie Wortman to third
Runner from 3rd tries for Home, SAFE, throw by RF to home
Bryan Uplinger to second
Batting: RHB Dan Boyd 0-0: Ground out 5-3 (Groundball, 56, EV 110.6 MPH)
Bryan Uplinger to third
Batting: LHB Roy Lazzaro 0-0: Fly out, F6 (Popup, 6, EV 73.1 MPH)
Batting: LHB Greg Thompson 0-0: Swinging Strike
0-1: Ball
1-1: Ball
2-1: Ball
3-1: Base on Balls
Batting: LHB Ramon Anguiano 0-0: Called Strike
0-1: Swinging Strike
0-2: Foul Ball, location: 5SF
0-2: Strikes out swinging
Bottom of the 5th over - 3 runs, 4 hits, 0 errors, 2 left on base; Las Vegas 3 - Los Angeles 4
TOP OF THE 6TH
Las Vegas Hustle batting - Pitching for Los Angeles Dodgers : RHP J.P. Vines
Batting: SHB Jose Espinoza 0-0: Swinging Strike
0-1: Called Strike
0-2: Ball
1-2: Ball
2-2: Strikes out swinging
Batting: RHB Leonardo Sosa 0-0: Called Strike
0-1: Ground out U3 (Groundball, 34, EV 86.9 MPH)
Batting: RHB Karl Robbins 0-0: Ball
1-0: Ball
2-0: Called Strike
2-1: Foul Ball, location: 3FF
2-2: Strikes out swinging
Top of the 6th over - 0 runs, 0 hits, 0 errors, 0 left on base; Las Vegas 3 - Los Angeles 4
BOTTOM OF THE 6TH
Los Angeles Dodgers batting - Pitching for Las Vegas Hustle : RHP Justin Price
Batting: SHB Mang He 0-0: Ball
1-0: Foul Ball, location: 7LSF
1-1: Ball
2-1: Called Strike
2-2: Strikes out swinging
Batting: RHB Victor Salinas 0-0: Foul Ball, location: 25F
0-1: Swinging Strike
0-2: Ball
1-2: Ball
2-2: SINGLE (Groundball, 4MD, EV 95.0 MPH)
Batting: RHB Joe Boyer 0-0: Ball
1-0: Called Strike
1-1: Foul Ball, location: 9LMF
1-2: DOUBLE (Flyball, 89XD, EV 98.1 MPH)
Victor Salinas to third
Batting: LHB Jamie Wortman 0-0: Called Strike
0-1: Swinging Strike
0-2: Fly out, F8 (Flyball, 8RM, EV 88.8 MPH)
Runner from 3rd tags up, OUT at HOME! 8-2
Bottom of the 6th over - 0 runs, 2 hits, 0 errors, 1 left on base; Las Vegas 3 - Los Angeles 4
TOP OF THE 7TH
Las Vegas Hustle batting - Pitching for Los Angeles Dodgers : RHP J.P. Vines
Pitching: LHP Jose Amaro
Now at C: Ron Ascencio
Now at 1B: Mang He
Now at 3B: Jason Avsar
Batting: RHB Tyler Ebert 0-0: Called Strike
0-1: Foul Ball, location: 3DF
0-2: Ball
1-2: Strikes out swinging
Batting: LHB Steve Lawler 0-0: Swinging Strike
0-1: Ball
1-1: Called Strike
1-2: Strikes out swinging
Batting: LHB Victor Valdez 0-0: Single, Error in OF, E7, batter to second base (Line Drive, 5D, EV 98.1 MPH)
Batting: RHB John Lopez 0-0: Ball
1-0: Ball
2-0: TRIPLE (Flyball, 8RD, EV 106.9 MPH)
Victor Valdez scores
Batting: LHB Jon Guzman 0-0: Foul Ball, location: 7LMF
0-1: Foul Ball, location: 2F
0-2: Foul Ball, location: 2F
0-2: Ball
1-2: Foul Ball, location: 9LDF
1-2: Foul Ball, location: 7LSF
1-2: Strikes out swinging
Top of the 7th over - 1 run, 2 hits, 1 error, 1 left on base; Las Vegas 4 - Los Angeles 4
BOTTOM OF THE 7TH
Los Angeles Dodgers batting - Pitching for Las Vegas Hustle : RHP Justin Price
Batting: RHB Bryan Uplinger 0-0: Called Strike
0-1: Foul Ball, location: 3F
0-2: Ball
1-2: Ground out U3 (Groundball, 34, EV 99.4 MPH)
Batting: RHB Dan Boyd 0-0: Ground out 5-3 (Groundball, 56S, EV 104.4 MPH)
Batting: LHB Roy Lazzaro 0-0: Fly out, F9 (Flyball, 89M, EV 84.4 MPH)
Bottom of the 7th over - 0 runs, 0 hits, 0 errors, 0 left on base; Las Vegas 4 - Los Angeles 4
TOP OF THE 8TH
Las Vegas Hustle batting - Pitching for Los Angeles Dodgers : LHP Jose Amaro
Batting: RHB Clint Hurley 0-0: Ball
1-0: Called Strike
1-1: Ball
2-1: Foul Ball, location: 9LMF
2-2: Strikes out swinging
Batting: SHB Jose Espinoza 0-0: DOUBLE (Line Drive, 3D, EV 108.8 MPH)
Pitching: RHP Bob McDonald
Pinch Hitting: LHB Jeremy Marshall 0-0: Ball
1-0: Ball
2-0: Foul Ball, location: 2F
2-1: Foul Ball, location: 7LDF
2-2: Ball
3-2: Foul Ball, location: 3FF
3-2: Base on Balls
Batting: RHB Karl Robbins 0-0: Ball
1-0: Ball
2-0: Swinging Strike
2-1: Foul Ball, location: 2F
2-2: Strikes out swinging
Pinch Hitting: LHB Jason Strong 0-0: Called Strike
0-1: Ball
1-1: Called Strike
1-2: Strikes out swinging
Top of the 8th over - 0 runs, 1 hit, 0 errors, 2 left on base; Las Vegas 4 - Los Angeles 4
BOTTOM OF THE 8TH
Los Angeles Dodgers batting - Pitching for Las Vegas Hustle : RHP Justin Price
Now at 1B: Jason Strong
Now at SS: Jeremy Marshall
Batting: LHB Greg Thompson 0-0: Swinging Strike
0-1: SOLO HOME RUN (Flyball, 9D, EV 98.8 MPH), Distance : 371 ft
Pitching: LHP Brad Nelson
Batting: RHB Luis Lozada 0-0: Called Strike
0-1: Swinging Strike
0-2: Foul Ball, location: 9LSF
0-2: Strikes out swinging
Batting: SHB Mang He 0-0: Called Strike
0-1: Ball
1-1: Ball
2-1: Fly out, F8 (Flyball, 8LD, EV 108.8 MPH)
Batting: RHB Ron Ascencio 0-0: Called Strike
0-1: Foul Ball, location: 5SF
0-2: Ball
1-2: Ball
2-2: Ball
3-2: Strikes out swinging
Bottom of the 8th over - 1 run, 1 hit, 0 errors, 0 left on base; Las Vegas 4 - Los Angeles 5
TOP OF THE 9TH
Las Vegas Hustle batting - Pitching for Los Angeles Dodgers : RHP Bob McDonald
Pitching: RHP Dennis Emmons
Now in RF: John Spohn
Batting: LHB Steve Lawler 0-0: Ball
1-0: Ground out 4-3 (Groundball, 4S, EV 101.9 MPH)
Batting: LHB Victor Valdez 0-0: Ball
1-0: Ball
2-0: SINGLE (Flyball, 3D, EV 89.4 MPH)
Batting: RHB John Lopez 0-0: Swinging Strike
0-1: Ball
1-1: Foul Ball, location: 25F
1-2: Foul Ball, location: 25FF
1-2: Strikes out swinging
Batting: LHB Jon Guzman 0-0: Ball
1-0: SINGLE (Flyball, 89XD, EV 112.5 MPH)
Victor Valdez to second
Batting: RHB Clint Hurley 0-0: Ball
1-0: Ball
2-0: Foul Ball, location: 2F
2-1: Ball
3-1: Ground out 5-3 (Groundball, 56S, EV 70.6 MPH)
Top of the 9th over - 0 runs, 2 hits, 0 errors, 2 left on base; Las Vegas 4 - Los Angeles 5
Wednesday, May 15th , 2024 - OOTP Baseball 24.11 Build 85